 Dungeon Crawl Stone Soup version 0.29-a0-1009-g60c99734e7 (webtiles) character file.

Game seed: 2505673154436792445

3565 siradein the Blocker (level 10, -2/82 HPs)
             Began as a Formicid Fighter on Aug 8, 2022.
             Was an Initiate of Makhleb.
             Slain by a boulder beetle (5 damage)
             ... on level 8 of the Dungeon.
             The game lasted 00:18:00 (8079 turns).

siradein the Blocker (Formicid Fighter)             Turns: 8079, Time: 00:18:01

Health: -2/82      AC: 13    Str: 24    XL:     10   Next: 30%
Magic:  10/10      EV:  8    Int:  9    God:    Makhleb [......]
Gold:   451        SH:  6    Dex: 13    Spells: 9/9 levels left

rFire   . . .      SeeInvis +   D - +4 trident
rCold   . . .      Faith    .   c - +0 buckler
rNeg    . . .      Spirit   .   w - +0 chain mail
rPois   .          Reflect  .   (helmet unavailable)
rElec   .          Harm     .   (no cloak)
rCorr   .          Rampage  .   G - +0 pair of gloves
Will    +....                   i - +0 pair of boots
Stlth   ..........              (no amulet)
HPRegen 0.23/turn               (no ring)
MPRegen 0.12/turn               (no ring)

@: no status effects
A: permanent stasis, dig shafts and tunnels, antennae 3, four strong arms
a: Dig, Shaft Self, Renounce Religion


You were on level 8 of the Dungeon.
You worshipped Makhleb.
Makhleb was noncommittal.
You visited 2 branches of the dungeon, and saw 9 of its levels.

You collected 451 gold pieces.

Inventory:

Hand Weapons
 o - a +0 scythe
 D - a +4 trident (weapon)
Missiles
 h - 6 curare-tipped darts (quivered)
Armour
 c - a +0 buckler (worn)
 i - a +0 pair of boots (worn)
 w - a +0 chain mail (worn)
 G - a +0 pair of gloves (worn)
Jewellery
 b - an amulet of faith
 C - a ring of fire
Wands
 a - a wand of light (3)
 y - a wand of paralysis (9)
 B - a wand of flame (8)
Scrolls
 e - a scroll of silence {unknown}
 j - a scroll of enchant armour {unknown}
 k - 3 scrolls of enchant weapon
 l - 2 scrolls of vulnerability {unknown}
 m - 3 scrolls of amnesia {unknown}
 p - a scroll of noise {unknown}
 q - 2 scrolls of butterflies {unknown}
 r - 2 scrolls of immolation
 s - a scroll of summoning {unknown}
 t - a scroll of identify
 u - a scroll of magic mapping {unknown}
 x - a scroll of poison {unknown}
 A - 2 scrolls of teleportation {unknown}
 E - a scroll of fear {unknown}
Potions
 d - 4 potions of might
 f - 2 potions of heal wounds
 g - a potion of ambrosia {unknown}
 n - 2 potions of brilliance
 v - a potion of lignification {unknown}
 z - a potion of flight
 F - a potion of curing


   Skills:
 + Level 8.4 Fighting
 + Level 7.3 Polearms
 + Level 8.4 Armour
 + Level 10.1 Shields


You had 9 spell levels left.
You didn't know any spells.
Your spell library contained the following spells:

 Spells                   Type           Power      Damage    Failure   Level
 Sandblast                Erth           0%         2d4       95%         1
 Ensorcelled Hibernation  Hex/Ice        0%         N/A       99%         2
 Passwall                 Tmut/Erth      0%         N/A       99%         2
 Ozocubu's Armour         Ice            0%         N/A       100%        3
 Stone Arrow              Conj/Erth      0%         3d7       100%        3
 Ozocubu's Refrigeration  Ice            0%         4d7       100%        7
 Swiftness                Air            Unusable   N/A       N/A         3

Dungeon Overview and Level Annotations

Branches:
Dungeon (8/15)             Temple (1/1) D:4
   Lair: D:8-11

Altars:
Ashenzari
Cheibriados
Dithmenos
Elyvilon
Fedhas
Gozag
Kikubaaqudgha
Makhleb
Nemelex Xobeh
Okawaru
Qazlal
Ru
Sif Muna
Trog
Uskayaw
Vehumet
Yredelemnul
The Shining One

Shops:
D:3 [   D:8 (**

Annotations:
D:7 3 exclusions


Innate Abilities, Weirdness & Mutations

You cannot be hasted, slowed, berserked, paralysed or teleported.
You can dig through walls and to a lower floor.
You have a pair of large antennae on your head. (SInv)
Your four strong arms can wield two-handed weapons with a shield.


Message History

Aim: a two-headed ogre, wielding a +0 giant club and a +0 giant spiked club (about 20% to evade your +4 trident)
Okay, then.
Aiming: Bolt of Light
Press: ? - help, Shift-Dir - straight line, f - two-headed ogre
Aim: a two-headed ogre, wielding a +0 giant club and a +0 giant spiked club (86% to hit)
The bolt of light hits the two-headed ogre!
The two-headed ogre is moderately wounded.
The two-headed ogre is blinded.
You hit the two-headed ogre.
The two-headed ogre is moderately wounded.
The two-headed ogre closely misses you.
The two-headed ogre hits you with a +0 giant spiked club!!
You strike the helpless two-headed ogre from behind!
You puncture the two-headed ogre!
The two-headed ogre is heavily wounded.
You catch the helpless two-headed ogre completely off-guard!
You hit the two-headed ogre.
The two-headed ogre is heavily wounded.
The two-headed ogre hits you with a +0 giant club!
You block the two-headed ogre's attack.
You hit the two-headed ogre.
The two-headed ogre is heavily wounded.
The two-headed ogre hits you with a +0 giant club!!
* * * LOW HITPOINT WARNING * * *
The two-headed ogre closely misses you.
You are too injured to fight recklessly!
Unknown command.
The two-headed ogre is no longer blind.
A boulder beetle comes into view.
The boulder beetle curls into a ball and begins rolling!
The boulder beetle hits you but does no damage.
The boulder beetle stops rolling and uncurls.
The boulder beetle bites you!
* * * LOW HITPOINT WARNING * * *
The boulder beetle attacks as you move away!
The boulder beetle bites you!!
* * * LOW HITPOINT WARNING * * *
The boulder beetle attacks as you move away!
The boulder beetle bites you.
You die...

#.......... #.##
######.........
##.......#....#.. . .
#........##...#.# .# .
##.............## .##.
#........##....# .... ###
#......#.......# ##.#.
##..####...<.#.......# #..#.
#..... ##..@.#.......# #..#.
#.....###..B..........##....
.......#...O..#........#.##.
#...........##............
#.....[.........###......#
#..#...........## #...####
#..............## ##.##
#.#...##........###...#
#.#.###...............##..


You could see a boulder beetle and a two-headed ogre.

Vanquished Creatures
  Joseph (D:7)
  Sigmund (D:2)
  A wraith (D:8)
  A steam dragon (D:8)
  Edmund (D:5)
  A water moccasin (D:6)
  Duvessa (D:6)
  2 black bears
  A sky beast (D:6)
  An orc warrior (D:7)
  3 centaurs
  An ogre (D:4)
  2 phantoms
  A bullfrog (D:5)
  2 necrophages (D:5)
  6 scorpions
  5 wights (D:6)
  Dowan (D:6)
  3 jellies
  4 orc priests
  2 iguanas (D:5)
  Terence (D:2)
  8 orc wizards
  3 gnolls (D:1)
  12 adders
  A shadow imp (D:7)
  3 white imps
  2 worms
  19 orcs
  4 bats
  7 endoplasms
  A giant cockroach (D:2)
  6 goblins
  6 hobgoblins
  3 jackals (D:2)
  5 kobolds
  3 quokkas
  3 ball pythons
  4 rats
132 creatures vanquished.

Vanquished Creatures (others)
  A yak (D:8)
  A centaur (D:8)
  A kobold brigand (D:8)
  2 orc wizards (D:8)
  2 orcs (D:8)
7 creatures vanquished.

Grand Total: 139 creatures vanquished

Notes
Turn   | Place    | Note
-------+----------+-------------------------------------------
     0 | D:1      | siradein the Formicid Fighter began the quest for the Orb.
     0 | D:1      | Reached XP level 1. HP: 18/18 MP: 1/1
    20 | D:1      | Reached XP level 2. HP: 12/24 MP: 2/2
   272 | D:1      | Reached XP level 3. HP: 29/29 MP: 3/3
   828 | D:2      | Reached XP level 4. HP: 37/37 MP: 4/4
  1196 | D:2      | Noticed Terence
  1213 | D:2      | Killed Terence
  1214 | D:2      | Reached skill level 5 in Shields
  1214 | D:2      | Reached XP level 5. HP: 42/42 MP: 5/5
  1576 | D:2      | Noticed Sigmund
  1589 | D:2      | Killed Sigmund
  1590 | D:2      | Reached XP level 6. HP: 31/49 MP: 6/6
  2211 | D:3      | Found Ulahyot's Armour Shoppe.
  2456 | D:4      | Reached skill level 5 in Fighting
  2456 | D:4      | Reached skill level 5 in Armour
  2456 | D:4      | Reached skill level 6 in Shields
  2456 | D:4      | Reached XP level 7. HP: 54/56 MP: 7/7
  3003 | D:4      | Found a burning altar of Makhleb.
  3123 | D:4      | Found a white marble altar of Elyvilon.
  3153 | D:4      | Found a staircase to the Ecumenical Temple.
  3162 | Temple   | Entered the Ecumenical Temple
  3413 | D:5      | Entered Level 5 of the Dungeon
  3724 | D:5      | Reached XP level 8. HP: 46/64 MP: 8/8
  3908 | D:5      | Reached skill level 7 in Shields
  3999 | D:5      | Found a broken altar of Ashenzari.
  4052 | D:5      | Reached skill level 5 in Polearms
  4346 | D:5      | Noticed Edmund
  4357 | D:5      | Killed Edmund
  4549 | D:6      | Noticed Duvessa
  4570 | D:6      | Killed Duvessa
  4571 | D:6      | Reached skill level 8 in Shields
  4571 | D:6      | Reached XP level 9. HP: 54/71 MP: 9/9
  4657 | D:6      | Noticed Dowan
  4661 | D:6      | Killed Dowan
  5310 | D:6      | Noticed a +0 short sword
  5310 | D:6      | Noticed a +0 short sword
  5311 | D:6      | Noticed a +0 falchion
  5312 | D:6      | Noticed a +0 dagger
  5312 | D:6      | Noticed a +0 spear
  5312 | D:6      | Noticed a +0 falchion
  5312 | D:6      | Noticed a +0 dagger
  5313 | D:6      | Noticed a +0 spear
  5314 | D:6      | Found a hide-covered altar of Uskayaw.
  5891 | D:6      | Reached skill level 9 in Shields
  6576 | D:7      | Gained mutation: You are robust. (+10% HP) [potion of
                  | mutation]
  6576 | D:7      | Lost mutation: You are robust. (+10% HP) [potion of
                  | mutation]
  7143 | D:7      | Found a shimmering blue altar of Sif Muna.
  7149 | D:7      | Noticed Joseph
  7160 | D:7      | Killed Joseph
  7161 | D:7      | Reached XP level 10. HP: 39/80 MP: 10/10
  7579 | D:8      | Found Heceoz's Antique Weapon Shop.
  7607 | D:8      | Reached skill level 10 in Shields
  7709 | D:8      | Found Zead's Assorted Antiques.
  7767 | D:4      | Became a worshipper of Makhleb the Destroyer
  7848 | D:8      | Found an iron altar of Okawaru.
  8012 | D:8      | Found Orostren's Assorted Antiques.
  8050 | D:8      | Noticed a two-headed ogre
  8070 | D:8      | Noticed a boulder beetle
  8078 | D:8      | HP: 3/82 [boulder beetle (19)]
  8079 | D:8      | Slain by a boulder beetle

Illustrated notes

Levels and vault maps discovered:
D:1:      co_arrival_random_square_maze, layout_basic,
          corexii_item_surrounded_by_moat, minmay_cut_off
D:2:      layout_loops_ring, uniq_sigmund, uniq_terence
D:3:      layout_loops_ring, serial_shops, shop
D:4:      layout_basic, nicolae_elyvilon_temple_path, bloody_makhleb,
          minmay_temple_entry_poolview, serial_bayou_pond_e
D:5:      layout_loops_ring, nicolae_ashenzari_panopticon, item_on_display_b,
          uniq_edmund
D:6:      layout_rooms, nicolae_uskayaw_en_pointe, uniq_duvessa
D:7:      layout_cave_pools, led_sif_book, centaur_isle, uniq_joseph
D:8:      layout_cave_pools, xom_confusion_cloud, okawaru_metal_pillars_3,
          mainiacjoe_overflow_24_doors, serial_shops, nicolae_shop_behind_doors,
          nicolae_shop_waterfront, shop_statue
Temple:   nicolae_temple_bog_church

Skill      XL: |  1  2  3  4  5  6  7  8  9 10 |
---------------+-------------------------------+-----
Fighting       | 4 5 6 8 |  8.4
Armour         | 4 5 6 8 |  8.4
Polearms       | 3 4 5 6 7 |  7.3
Shields        | 5 6 8 9 10 | 10.1

Action                   |  1- 3 |  4- 6 |  7- 9 | 10-12 || total
-------------------------+-------+-------+-------+-------++-------
Melee: Trident           |    51 |    88 |    50 |    64 ||   253
       Halberd           |       |    58 |   245 |       ||   303
Throw: Dart              |       |     5 |     1 |       ||     6
Evoke: Wand              |       |       |     2 |     1 ||     3
  Use: Scroll            |       |       |     4 |       ||     4
       Potion            |       |       |     5 |       ||     5
 Stab: Invisible         |       |       |     1 |     2 ||     3
       Paralysed         |       |       |     1 |       ||     1
Armor: Scale mail        |    13 |    36 |       |       ||    49
       Chain mail        |       |     7 |   137 |    14 ||   158
Dodge: Dodged            |    21 |    51 |    97 |    17 ||   186
Block: Buckler           |     7 |    34 |    85 |    19 ||   145

Table legend: (Time is in decaauts)
 A = Elapsed time spent in this place.
 B = Non-inter-level travel time spent in this place.
 C = Inter-level travel time spent in this place.
 D = Time resting spent in this place.
 E = Time spent auto-exploring this place.
 F = Levels seen in this place.
 G = Mean time per level.
                   A        B        C        D        E       F      G
               +--------+--------+--------+--------+--------+-----+--------+
         Total |   8218 |   7770 |    448 |    888 |   5523 |   9 |  913.1 |
       Dungeon |   7994 |   7564 |    430 |    888 |   5330 |   8 |  999.2 |
        Temple |    224 |    206 |     18 |      0 |    192 |   1 |  224.0 |
               +--------+--------+--------+--------+--------+-----+--------+

Top non-repeatable levels by time:
     D:6: 1481 daAuts
     D:5: 1418 daAuts
     D:7: 1350 daAuts
     D:2: 1069 daAuts
     D:4: 819 daAuts
     D:1: 814 daAuts
     D:3: 580 daAuts
     D:8: 459 daAuts
  Temple: 224 daAuts
